 Dungeon Crawl Stone Soup version 0.28.0-45-g0d030f2227 (webtiles) character file.

Game seed: 7706261826953825984

40 H0rd4k the Magician (level 3, -3/19 HPs)
             Began as a Deep Elf Hedge Wizard on Apr 14, 2022.
             Killed by divine providence
             ... invoked by an orc priest
              (10 damage)
             ... on level 3 of the Dungeon.
             The game lasted 00:02:20 (2479 turns).

H0rd4k the Magician (Deep Elf Hedge Wizard)         Turns: 2479, Time: 00:02:20

Health: -3/19      AC:  4    Str:  7    XL:     3   Next: 30%
Magic:  1/12       EV: 12    Int: 20    God:
Gold:   73         SH:  0    Dex: 14    Spells: 4/13 levels left

rFire   . . .      SeeInvis .   a - +0 dagger
rCold   . . .      Faith    .   (no shield)
rNeg    . . .      Spirit   .   b - +0 robe
rPois   .          Reflect  .   c - +0 hat
rElec   .          Harm     .   k - +1 cloak
rCorr   .          Rampage  .   (no gloves)
Will    .....                   (no boots)
Stlth   ++........              (no amulet)
HPRegen 0.06/turn               (no ring)
MPRegen 0.13/turn               (no ring)

@: no status effects
A: no striking features
a: no special abilities


You were on level 3 of the Dungeon.
You visited 1 branch of the dungeon, and saw 3 of its levels.

You collected 73 gold pieces.

Inventory:

Hand Weapons
 a - a +0 dagger (weapon)
Armour
 b - a +0 robe (worn)
 c - a +0 hat (worn)
 k - a +1 cloak (worn)
Jewellery
 h - a ring of wizardry
Scrolls
 d - 3 scrolls of fog {unknown}
 f - 2 scrolls of brand weapon {unknown}
 i - a scroll of noise {unknown}
 j - a scroll of identify {unknown}
 l - a scroll of immolation {unknown}
Potions
 e - 2 potions of berserk rage {unknown}
 g - a potion of degeneration {unknown}


   Skills:
 + Level 2.6 Dodging
 - Level 2.4 Stealth
 + Level 5.8 Spellcasting
 + Level 1.5 Conjurations
 + Level 1.1 Summonings
 + Level 1.1 Translocations


You had 4 spell levels left.
You knew the following spells:

 Your Spells              Type           Power      Damage    Failure   Level
a - Magic Dart            Conj           48%        1d5       5%          1
b - Blink                 Tloc           20%        N/A       10%         2
c - Conjure Flame         Conj/Fire      9%         6-21      22%         3
d - Mephitic Cloud        Conj/Pois/Air  8%         N/A       26%         3

Your spell library contained the following spells:

 Spells                   Type           Power      Damage    Failure   Level
 Call Imp                 Summ           10%        N/A       10%         2
 Slow                     Hex            20%        N/A       11%         1
 Tukima's Dance           Hex            5%         N/A       32%         3
 Anguish                  Hex/Necr       2%         N/A       71%         4
 Enfeeble                 Hex            2%         N/A       100%        7


Dungeon Overview and Level Annotations

Branches:
Dungeon (3/15)

Altars:
Makhleb

Shops:
D:1 =

Annotations:
D:1 exclusion: downstairs


Message History

The spell is potentially lethal to miscast (26% risk of failure)!
Continue anyway?
Aiming: Mephitic Cloud (potentially lethal; 26% risk of failure)
Press: ? - help, Shift-Dir - straight line, f - orc priest
Aim: an orc priest, wielding a +0 dagger (chance to affect: 86%)
The ball explodes into a vile cloud!
The stinking cloud engulfs the orc priest but does no damage.
The orc priest is engulfed in noxious fumes.
The orc priest appears confused.
The magic dart hits the orc priest but does no damage.
The orc priest is engulfed in noxious fumes.
The magic dart hits the orc priest.
The orc priest is lightly wounded.
The magic dart hits the orc priest but does no damage.
The orc priest is lightly wounded.
The orc priest hits you with a +0 dagger.
You miscast Magic Dart.
You are very lightly contaminated with residual magic.
Nothing appears to happen.
The magic dart hits the orc priest.
The orc priest is moderately wounded.
The orc priest hits you with a +0 dagger.
The magic dart hits the orc priest.
The orc priest is severely wounded.
The orc priest misses you.
The magic dart hits the orc priest.
The orc priest is severely wounded.
The orc priest hits you with a +0 dagger.
Casting: Magic Dart (safe; 5% risk of failure)
Confirm with . or Enter, or press ? or * to list all spells.
You don't have enough magic to cast this spell.
Unknown command.
You aren't carrying any items that you can evoke.
The orc priest seems less confused.
The orc priest mumbles some strange prayers to Beogh against you.
Pain shoots through your body!
Your magical contamination has completely faded away.
The orc priest mumbles some strange prayers to Beogh against you.
Beogh smites you!
Ouch! That really hurt!
You die...

#.######## #...
#...§....########.####
....§..............#.#
.....................#
#.≈§≈≈≈≈§≈..###.....##
..≈.......≈.# #.....#
.§≈.#####§≈.# ##...###
.§≈.#.....≈.####.....#
.§≈§#._.#.≈.....@..###
.§§.....#.≈.#####..#
..≈§#####.≈........###
#.≈...§§..≈..###.o...#
#.≈≈≈≈≈§§≈≈..# #....##
#.....§§...(## #....#
###.##.###.## #.#..##
# #....# #.# #.#...# #
####.# #.# #.#..##


You could see an orc priest.

Vanquished Creatures
  An adder (D:2)
  A worm (D:2)
  2 dart slugs (D:1)
  An orc (D:3)
  2 endoplasms
  A giant cockroach (D:2)
  2 hobgoblins (D:1)
  A jackal (D:3)
  A quokka (D:2)
  A ball python (D:1)
  5 bats
  A frilled lizard (D:1)
  A goblin (D:1)
  2 kobolds
  3 rats
25 creatures vanquished.

Notes
Turn   | Place    | Note
-------+----------+-------------------------------------------
     0 | D:1      | H0rd4k the Deep Elf Hedge Wizard began the quest for the
                  | Orb.
     0 | D:1      | Reached XP level 1. HP: 10/10 MP: 7/7
   154 | D:1      | Found Depro's Jewellery Shoppe.
   394 | D:1      | Reached skill level 5 in Spellcasting
   506 | D:1      | Reached XP level 2. HP: 15/15 MP: 3/10
   986 | D:2      | Noticed an ogre
  1348 | D:2      | Reached XP level 3. HP: 19/19 MP: 2/12
  1351 | D:2      | Learned a level 2 spell: Blink
  1355 | D:2      | Learned a level 3 spell: Conjure Flame
  1359 | D:2      | Learned a level 3 spell: Mephitic Cloud
  1902 | D:3      | Found a burning altar of Makhleb.
  2479 | D:3      | Killed from afar by an orc priest

Illustrated notes

Levels and vault maps discovered:
D:1:      lightli_arrival_noodles, layout_basic, serial_shops, shop,
          amcnicky_mini_corridor_feature
D:2:      layout_basic, minmay_tetromino_o2, uniq_crazy_yiuf_cottage
D:3:      layout_basic, mainiacjoe_overflow_brackets, lemuel_tele_altar,
          grunt_decor_resistance

Skill      XL: |  1 |
---------------+----+-----
Spellcasting   | 5 |  5.8
Dodging        | |  2.6
Stealth        | |  2.4
Conjurations   | |  1.5
Summonings     | |  1.1
Translocations | |  1.1

Action                   || total
-------------------------++-------
Melee: Dagger            ||     1
 Cast: Magic Dart        ||   108
       Mephitic Cloud    ||     4
Armor: Robe              ||     5
Dodge: Dodged            ||    17
